 Dungeon Crawl Stone Soup version 0.30-a0-845-g7c6808c8ce (webtiles) character file.

Game seed: 15619877917311951596

16107 Jossarian the Destroyer (level 12, -14/81 HPs)
             Began as a Demonspawn Conjurer on Mar 2, 2023.
             Was an Elder of Vehumet.
             Demolished by a reaper
             ... wielding a +0 scythe of freezing
              (37 damage)
             ... in an ice cave on Mar 3, 2023.
             The game lasted 03:42:33 (19347 turns).

Jossarian the Destroyer (Demonspawn Conjurer)      Turns: 19347, Time: 03:42:33

Health: -14/81     AC:  9    Str: 14    XL:     12   Next: 7%
Magic:  16/26      EV: 12    Int: 24    God:    Vehumet [****..]
Gold:   962        SH: 17    Dex: 18    Spells: 8/31 levels left

rFire   + . .      SeeInvis +    h - staff of fire
rCold   + . .      Faith    .    L - +2 buckler {rC+}
rNeg    + . .      Spirit   .    C - +0 ring mail {rN+}
rPois   +          Reflect  .    (helmet unavailable)
rElec   .          Rampage  .    A - +0 cloak
rCorr   .                        (no gloves)
Will    .....                    p - +1 pair of boots
Stlth   +++                      u - amulet of regeneration
HPRegen 1.13/turn                s - ring "Ponuv" {Wiz rPois Will- Str+6 Stlth+}
MPRegen 0.20/turn                e - +6 ring of dexterity

@: no status effects
A: antennae 3, large bone plates 2, spiny 2, condensation shield
a: Renounce Religion


You were in an ice cave.
You worshipped Vehumet.
Vehumet was greatly pleased with you.
You visited 3 branches of the dungeon, and saw 13 of its levels.
You also visited: Ice Cave.

You collected 962 gold pieces.

Inventory:

Hand Weapons
 g - a +0 spectral quarterstaff
 o - a +3 war axe of venom
 v - a +1 dagger of freezing
 M - a +2 spear of freezing
Missiles
 c - a boomerang of dispersal
 f - 8 boomerangs
 i - 94 stones
 j - 23 poisoned darts (quivered)
Armour
 a - a +1 robe
 p - a +1 pair of boots (worn)
 A - a +0 cloak (worn)
 C - a +0 ring mail of positive energy (worn)
 L - a +2 buckler of cold resistance (worn)
Magical Staves
 h - a staff of fire (weapon)
 J - a staff of poison
Jewellery
 e - a +6 ring of dexterity (right hand)
 s - the ring "Ponuv" (left hand) {Wiz rPois Will- Str+6 Stlth+}
   (You acquired it on level 8 of the Dungeon)

   [ring of wizardry]

   It improves your spell success rate.
   Str:       It affects your strength (+6).
   rPois:     It protects you from poison.
   Will:      It decreases your willpower.
   Stlth:     It makes you more stealthy.
 u - an amulet of regeneration (around neck)
 K - a ring of flight
Wands
 k - a wand of acid (7)
 l - a wand of digging (3)
 y - a wand of flame (19)
 F - a wand of roots (2)
 H - a wand of paralysis (2)
Scrolls
 r - 2 scrolls of teleportation
 B - a scroll of magic mapping
 G - a scroll of amnesia
Potions
 d - 4 potions of might
 m - a potion of ambrosia
 n - a potion of heal wounds {unknown}
 q - 4 potions of flight
 t - 4 potions of curing
 w - 3 potions of lignification {unknown}
 x - a potion of berserk rage {unknown}
 z - a potion of cancellation {unknown}
 D - a potion of brilliance {unknown}
 E - a potion of haste {unknown}
 I - a potion of degeneration {unknown}


   Skills:
 + Level 3.3 Fighting
 + Level 0.3 Axes
 + Level 0.7 Staves
 + Level 4.0 Throwing
 + Level 5.4 Armour
 + Level 4.1 Dodging
 + Level 4.9 Stealth
 + Level 3.2 Shields
 + Level 0.9 Unarmed Combat
 + Level 10.4 Spellcasting
 + Level 11.0 Conjurations
 + Level 1.0 Hexes
 + Level 3.5 Fire Magic
 + Level 0.7 Ice Magic
 + Level 2.3 Air Magic
 + Level 2.9 Poison Magic
 + Level 0.9 Evocations


You had 8 spell levels left.
You knew the following spells:

 Your Spells              Type           Power      Damage    Failure   Level
a - Magic Dart            Conj           100%       1d8       1%          1
b - Searing Ray           Conj           100%       2d8       1%          2
c - Foxfire               Conj/Fire      100%       2x1d9     1%          1
d - Freeze                Ice            64%        1d7       1%          1
e - Poisonous Vapours     Pois/Air       50%        N/A       1%          2
f - Mephitic Cloud        Conj/Pois/Air  38%        N/A       1%          3
g - Sticky Flame          Conj/Fire      63%        2d8       1%          4
h - Fireball              Conj/Fire      31%        3d13      2%          5
i - Fulminant Prism       Conj/Hex       20%        3d12      1%          4

Your spell library contained the following spells:

 Spells                   Type           Power      Damage    Failure   Level
 Frozen Ramparts          Ice            32%        1d5       3%          3
 Dazzling Flash           Conj/Hex       82%        N/A       1%          3
 Ignite Poison            Fire/Tmut/Pois 34%        N/A       1%          3
 Iskenderun's Mystic Bla  Conj/Tloc      39%        2d9       1%          4
 Apportation              Tloc           24%        N/A       5%          1
 Necrotise                Necr           48%        1d6       5%          1
 Summon Small Mammal      Summ           48%        N/A       5%          1
 Starburst                Conj/Fire      31%        6d10      11%         6
 Ozocubu's Armour         Ice            16%        N/A       12%         3
 Ozocubu's Refrigeration  Ice            8%         4d9       99%         7
 Ignition                 Fire           22%        3d8       100%        8


Dungeon Overview and Level Annotations

Branches:
Dungeon (11/15)            Temple (1/1) D:4            Lair (1/5) D:8
  IceCv (1/1)
    Orc: D:9-12

Altars:
Ashenzari
Cheibriados
Dithmenos
Fedhas
Gozag
Hepliaklqana
Kikubaaqudgha
Makhleb
Nemelex Xobeh
Okawaru
Qazlal
Ru
Sif Muna
Trog
Uskayaw
Vehumet
Wu Jian
Xom
Yredelemnul

Shops:
D:1 =(   D:2 :


Innate Abilities, Weirdness & Mutations

You have a pair of large antennae on your head. (SInv)
You are mostly covered in large bone plates. (SH +6)
You are mostly covered in sharp spines.
A meltable shield of frost defends you. (SH +4)


Message History

Confirm with . or Enter, or press ? or * to list all spells.
Okay, then.
Magic courses through your body. You block the reaper's attack.
You block the reaper's attack.
Casting: Searing Ray (safe; 1% risk of failure)
Confirm with . or Enter, or press ? or * to list all spells.
Aiming: Sticky Flame (mildly dangerous; 1% risk of failure)
Press: ? - help, Shift-Dir - straight line, f/p - reaper
Aim: a reaper, wielding a +0 scythe of freezing, wearing a +1 robe of cold resistance and wearing a ring of ice (moderately wounded)
You feel a surge of power!
The sticky flame hits the reaper but does no damage.
The reaper is moderately wounded.
The reaper is covered in liquid flames!
The reaper burns!
The reaper is struck by your spines.
The reaper hits you with a +0 scythe of freezing!!
* * * LOW HITPOINT WARNING * * *
The reaper freezes you.
* * * LOW HITPOINT WARNING * * *
You feel better.
The reaper burns!
You block the reaper's attack.
Aiming: Paralyse
Press: ? - help, Shift-Dir - straight line, f/p - reaper
Aim: a reaper, wielding a +0 scythe of freezing, wearing a +1 robe of cold resistance and wearing a ring of ice (heavily wounded, covered in liquid flames, chance to affect: 2%)
The reaper resists with almost no effort.
The reaper burns!
You block the reaper's attack.
Casting: Sticky Flame (mildly dangerous; 1% risk of failure)
Confirm with . or Enter, or press ? or * to list all spells.
Aiming: Sticky Flame (mildly dangerous; 1% risk of failure)
Press: ? - help, Shift-Dir - straight line, f/p - reaper
Aim: a reaper, wielding a +0 scythe of freezing, wearing a +1 robe of cold resistance and wearing a ring of ice (severely wounded, covered in liquid flames)
You feel a surge of power!
The sticky flame hits the reaper but does no damage.
The reaper is severely wounded.
The reaper is covered in liquid flames!
The reaper burns!
The reaper hits you with a +0 scythe of freezing!
* * * LOW HITPOINT WARNING * * *
The reaper freezes you.
* * * LOW HITPOINT WARNING * * *
The reaper burns!
The reaper hits you from afar with a +0 scythe of freezing!!!
You die...

#..#
#.≈≈≈.#..##
...
#...#≈≈≈##..#
.# ..
#####...# #
##...##
#...## #...##
##.2.#
##...##
##.@...##
#...∩...#
#.......#
##..∩..##
##...## #####


You could see a reaper (burning).

Vanquished Creatures
  Gastronok (D:8)
  A two-headed ogre (D:9)
  The ghost of NoOffense the Digger, a novice TrMo of Hepliaklqana (D:10)
  Lodul (D:10)
  A spectral centaur (D:10)
  Joseph (D:9)
  2 ice statues (IceCv)
  2 orange demons (D:10)
  A komodo dragon (D:10)
  An anaconda simulacrum (IceCv)
  6 ice devils
  A troll (D:10)
  3 blink frogs (D:8)
  A meliai zombie (D:10)
  2 centaur simulacra (D:10)
  A wraith (D:9)
  A wyvern (D:9)
  12 yaks
  A dire elephant simulacrum (IceCv)
  A steam dragon (D:9)
  A chaos spawn (D:10)
  Menkaure (D:5)
  2 death yak simulacra (IceCv)
  2 water moccasins (D:5)
  A hydra simulacrum (IceCv)
  A sky beast (D:6)
  An orc warrior (D:8)
  8 ogres
  2 centaurs
  Blork the orc (D:6)
  2 kobold brigands
  3 gnoll sergeants
  4 bullfrogs
  3 two-headed ogre simulacra (IceCv)
  2 scorpions
  A cane toad simulacrum (IceCv)
  14 wights
  12 killer bees (D:8)
  An elephant simulacrum (IceCv)
  9 howler monkeys
  2 quasits (D:10)
  7 hounds
  2 gnoll boudas
  11 orc priests
  5 jellies
  2 iguanas
  A sleepcap (D:7)
  4 troll simulacra (IceCv)
  4 orc wizards
  3 spriggan simulacra (IceCv)
  A wolf simulacrum (IceCv)
  19 gnolls
  6 adders
  A naga simulacrum (IceCv)
  4 white imps
  An ufetubus (IceCv)
  2 worms (D:4)
  3 dart slugs
  28 orcs
  4 bats
  10 endoplasms
  3 giant cockroaches
  2 goblins
  4 hobgoblins
  23 kobolds
  2 quokkas (D:5)
  3 ball pythons
  A frilled lizard (D:1)
  7 rats
  A fulminant prism (D:10)
278 creatures vanquished.

Vanquished Creatures (others)
  6 demonic plants (D:10)
  193 foxfires
  28 fulminant prisms
  4 fungi
  5 toadstools (D:2)
236 creatures vanquished.

Grand Total: 514 creatures vanquished

Notes
Turn   | Place    | Note
-------+----------+-------------------------------------------
     0 | D:1      | Jossarian the Demonspawn Conjurer began the quest for the
                  | Orb.
     0 | D:1      | Reached XP level 1. HP: 13/13 MP: 3/3
   265 | D:1      | Found Viholeh's Weapon Boutique.
   615 | D:1      | Found Opsail's Jewellery Boutique.
  1131 | D:1      | Gained mutation: A meltable shield of frost defends you.
                  | (SH +4) [demonic ancestry]
  1131 | D:1      | Reached XP level 2. HP: 8/19 MP: 1/5
  1180 | D:1      | Learned a level 2 spell: Searing Ray
  1698 | D:2      | Gained mutation: You have a pair of small antennae on your
                  | head. [demonic ancestry]
  1698 | D:2      | Reached XP level 3. HP: 24/24 MP: 4/6
  1870 | D:2      | Found Foadd's Book Emporium.
  2106 | D:2      | Reached skill level 5 in Conjurations
  2106 | D:2      | Gained mutation: You are partially covered in large bone
                  | plates. (SH +4) [demonic ancestry]
  2106 | D:2      | Reached XP level 4. HP: 30/30 MP: 3/7
  2355 | D:3      | Reached XP level 5. HP: 36/36 MP: 3/8
  2744 | D:3      | Found a faded altar of an unknown god.
  3747 | D:4      | Reached skill level 6 in Conjurations
  3907 | D:4      | Found a stormy altar of Qazlal.
  4081 | D:4      | Found a shadowy altar of Dithmenos.
  4167 | D:4      | Found an ornate altar of the Wu Jian Council.
  4257 | D:4      | Gained mutation: You are partially covered in sharp spines.
                  | [demonic ancestry]
  4257 | D:4      | Reached XP level 6. HP: 42/42 MP: 6/10
  4486 | D:4      | Found a staircase to the Ecumenical Temple.
  4654 | Temple   | Entered the Ecumenical Temple
  5359 | D:4      | Gained mutation: You have a pair of antennae on your head.
                  | [demonic ancestry]
  5359 | D:4      | Reached XP level 7. HP: 47/47 MP: 7/12
  5500 | D:4      | Found a bloodstained altar of Trog.
  6367 | D:5      | Entered Level 5 of the Dungeon
  6396 | D:5      | Reached skill level 1 in Throwing
  6609 | D:5      | Found a hazy altar of Hepliaklqana.
  6792 | D:5      | Found a glowing drain.
  7200 | D:5      | Found a sparkling altar of Nemelex Xobeh.
  7548 | D:5      | You fall into a shaft and drop 2 floors!
  7809 | D:5      | Learned a level 1 spell: Foxfire
  7822 | D:5      | Reached skill level 7 in Conjurations
  7822 | D:5      | Reached XP level 8. HP: 53/53 MP: 6/15
  7977 | D:5      | Noticed Menkaure
  8026 | D:6      | Reached skill level 5 in Spellcasting
  8114 | D:6      | Found a shimmering blue altar of Sif Muna.
  8397 | D:6      | Found a radiant altar of Vehumet.
  8406 | D:6      | Became a worshipper of Vehumet
  8736 | D:6      | Noticed Blork the orc
  8794 | D:6      | Reached skill level 1 in Shields
  8996 | D:5      | Killed Menkaure
  9097 | D:6      | Killed Blork the orc
  9388 | D:7      | Reached * piety under Vehumet
  9388 | D:7      | Offered knowledge of Freeze by Vehumet.
  9427 | D:7      | Reached skill level 8 in Conjurations
  9602 | D:7      | Found an iron altar of Okawaru.
  9670 | D:7      | Gained mutation: You are mostly covered in sharp spines.
                  | [demonic ancestry]
  9670 | D:7      | Reached XP level 9. HP: 48/58 MP: 11/18
  9761 | D:7      | Found a blossoming altar of Fedhas.
 10116 | D:7      | Learned a level 1 spell: Freeze
 10416 | D:8      | Reached skill level 1 in Fire Magic
 10727 | D:8      | Offered knowledge of Poisonous Vapours by Vehumet.
 10761 | D:8      | Reached ** piety under Vehumet
 10898 | D:8      | Noticed Gastronok
 11064 | D:8      | Killed Gastronok
 11065 | D:8      | Reached skill level 1 in Fighting
 11065 | D:8      | Reached skill level 1 in Armour
 11065 | D:8      | Reached skill level 9 in Conjurations
 11065 | D:8      | Gained mutation: You have a pair of large antennae on your
                  | head. (SInv) [demonic ancestry]
 11065 | D:8      | Reached XP level 10. HP: 44/65 MP: 4/21
 11544 | D:8      | Found a basalt altar of Yredelemnul.
 11675 | D:8      | Found a staircase to the Lair.
 11682 | Lair:1   | Entered Level 1 of the Lair of Beasts
 11829 | D:8      | Learned a level 2 spell: Poisonous Vapours
 12081 | D:8      | Found a shimmering altar of Xom.
 12251 | D:9      | Noticed Joseph
 12278 | D:9      | Killed Joseph
 12628 | D:8      | Identified a scroll of acquirement
 12628 | D:8      | Acquired the ring "Ponuv" {Wiz rPois Will- Str+6 Stlth+}
 12987 | D:9      | Offered knowledge of Mephitic Cloud by Vehumet.
 13015 | D:9      | Learned a level 3 spell: Mephitic Cloud
 13275 | D:9      | Reached *** piety under Vehumet
 13930 | D:9      | Learned a level 4 spell: Sticky Flame
 13936 | D:9      | Learned a level 5 spell: Fireball
 13941 | D:9      | Learned a level 4 spell: Fulminant Prism
 14033 | D:9      | Found a sacrificial altar of Ru.
 14037 | D:9      | Noticed a two-headed ogre
 14045 | D:9      | Killed a two-headed ogre
 14045 | D:9      | Offered knowledge of Hailstorm by Vehumet.
 14276 | D:10     | Entered Level 10 of the Dungeon
 14385 | D:10     | Gained mutation: You are mostly covered in large bone
                  | plates. (SH +6) [demonic ancestry]
 14385 | D:10     | Reached XP level 11. HP: 72/72 MP: 12/23
 14568 | D:10     | Noticed Lodul
 14656 | D:9      | Reached skill level 10 in Conjurations
 15004 | D:10     | Killed Lodul
 15005 | D:10     | Reached skill level 1 in Air Magic
 15005 | D:10     | Reached skill level 1 in Poison Magic
 15253 | D:10     | Found a runed translucent gate.
 15253 | D:10     | Found a runed translucent gate.
 15254 | D:10     | Found a runed translucent gate.
 15261 | D:10     | Noticed NoOffense's ghost (novice TrMo)
 16182 | D:10     | Found an opulent altar of Gozag.
 16709 | D:10     | Reached skill level 5 in Armour
 17594 | D:10     | Killed NoOffense's ghost
 17830 | D:11     | Noticed a boulder beetle
 17830 | D:11     | Noticed a two-headed ogre
 17911 | D:11     | Found a frozen archway.
 17918 | IceCv    | Entered an ice cave
 17935 | IceCv    | Reached **** piety under Vehumet
 18037 | IceCv    | Reached skill level 10 in Spellcasting
 18037 | IceCv    | Offered knowledge of Frozen Ramparts by Vehumet.
 18644 | IceCv    | Reached skill level 1 in Hexes
 19097 | IceCv    | Reached XP level 12. HP: 81/81 MP: 20/26
 19276 | IceCv    | Reached skill level 11 in Conjurations
 19293 | IceCv    | Noticed a reaper
 19347 | IceCv    | Demolished by a reaper

Illustrated notes

Levels and vault maps discovered:
D:1:      lemuel_arrival_broad_hall, layout_loops_ring, serial_shops,
          nicolae_shop_hallway_plus, shop
D:2:      cheibrodos_fertilizer, layout_basic, serial_shops, shop,
          hangedman_decor_riveting, hangedman_feature_mirror,
          minmay_misc_feat_plants, uniq_sigmund
D:3:      layout_basic, hellmonk_ecumenical_altar_run_dry
D:4:      cheibrodos_quashed, layout_basic, mainiacjoe_overflow_surrounded_room,
          nicolae_wu_jian_immortal_techniques,
          nicolae_dithmenos_through_a_glass_darkly, trog_book,
          minmay_temple_entry_stoned_glass
D:5:      layout_loops_cross, mainiacjoe_overflow_six_doors_small,
          old_standard_altar, nicolae_elyvilon_peaceful_grove,
          cheibrodos_sewer_entry_drain, uniq_menkaure
D:6:      layout_cave_pools, vehumet_crystals, mainiacjoe_overflow_catwalk,
          minivault_25, uniq_blork_the_orc
D:7:      layout_rooms, okawaru_metal_pillars_1_2,
          fedhas_bush_and_centaur_altar, serial_glass, glass_columns_a,
          glass_columns_b, minivault_26
D:8:      layout_basic, old_standard_altar, mainiacjoe_overflow_tiny_flanked,
          lair_entry_dummy, uniq_gastronok
D:9:      layout_loops_cross, kennysheep_mini_moat, minivault_25, uniq_joseph
D:10:     layout_cave_pools, pdpol_temple_overflow_zin_treasury_gozag_greed,
          serial_demonic, serial_demonic_a, serial_demonic_e, serial_demonic_b,
          serial_demonic_c, serial_demonic_c, serial_demonic_c,
          gammafunk_ghost_necromancy, nicolae_concentric_dashed_squares_wild,
          hangedman_decor_diamond_cutter, uniq_lodul
D:11:     minmay_the_grid_net [minmay_the_grid_slots,
          minmay_the_grid_outer_circle, minmay_the_grid_tri_star,
          minmay_the_grid_garden, minmay_the_grid_tree,
          minmay_the_grid_prize_four_corners], layout_rooms,
          portal_ice_cave_entry_pillars_2, nicolae_fountain_basement,
          uniq_josephine, uniq_erica
Temple:   hellmonk_temple_flake
Lair:1:   layout_long_grid, lemuel_fruit_fields, lemuel_fruit_fields
IceCv:    ice_cave_small_demon

Skill      XL: |  1  2  3  4  5  6  7  8  9 10 11 12 |
---------------+-------------------------------------+-----
Stealth        | 2 3 4 |  4.9
Conjurations   | 5 6 7 8 9 10 11 | 11.0
Dodging        | 2 3 4 |  4.1
Spellcasting   | 3 4 6 7 8 10 | 10.4
Throwing       | 2 3 4 |  4.0
Shields        | 1 2 3 |  3.2
Fire Magic     | 2 3 |  3.5
Fighting       | 1 2 3 |  3.3
Armour         | 1 4 5 |  5.4
Air Magic      | 2 |  2.3
Poison Magic   | 2 |  2.9
Hexes          | 1 |  1.0
Axes           | |  0.3
Staves         | |  0.7
Unarmed Combat | |  0.9
Ice Magic      | |  0.7
Evocations     | |  0.9

Action                     |  1- 3 |  4- 6 |  7- 9 | 10-12 || total
---------------------------+-------+-------+-------+-------++-------
  Melee: Unarmed           |     3 |       |       |       ||     3
         Staff             |     4 |       |       |     1 ||     5
         War axe           |       |     3 |     2 |       ||     5
  Throw: Boomerang         |     1 |       |     5 |       ||     6
         Dart              |       |    13 |    15 |       ||    28
         Throwing net      |       |       |     1 |       ||     1
   Cast: Magic Dart        |    31 |    44 |    59 |    30 ||   164
         Searing Ray       |     6 |    18 |    73 |    56 ||   153
         Foxfire           |       |       |    52 |    62 ||   114
         Freeze            |       |       |     2 |     3 ||     5
         Poisonous Vapours |       |       |       |    46 ||    46
         Fulminant Prism   |       |       |       |    29 ||    29
         Mephitic Cloud    |       |       |       |    27 ||    27
         Fireball          |       |       |       |    34 ||    34
         Sticky Flame      |       |       |       |    39 ||    39
  Evoke: Wand              |       |       |       |    11 ||    11
    Use: Scroll            |     4 |     8 |     3 |     6 ||    21
         Potion            |       |       |     1 |     6 ||     7
 Armour: Robe              |       |       |     8 |       ||     8
         Ring mail         |       |       |     4 |    39 ||    43
  Dodge: Dodged            |     8 |     7 |    26 |    75 ||   116
  Block: Other             |     1 |     6 |    38 |    84 ||   129
         Buckler           |       |       |       |     5 ||     5

Table legend: (Time is in decaauts)
 A = Elapsed time spent in this place.
 B = Non-inter-level travel time spent in this place.
 C = Inter-level travel time spent in this place.
 D = Time resting spent in this place.
 E = Time spent auto-exploring this place.
 F = Levels seen in this place.
 G = Mean time per level.
                   A        B        C        D        E       F      G
               +--------+--------+--------+--------+--------+-----+--------+
         Total |  19379 |  12349 |   7030 |   8588 |      0 |  14 | 1384.2 |
       Dungeon |  17768 |  10903 |   6865 |   7596 |      0 |  11 | 1615.3 |
        Temple |    175 |     10 |    165 |      0 |      0 |   1 |  175.0 |
          Lair |      6 |      6 |      0 |      0 |      0 |   1 |    6.0 |
      Ice Cave |   1428 |   1428 |      0 |    992 |      0 |   1 | 1428.0 |
               +--------+--------+--------+--------+--------+-----+--------+

Top non-repeatable levels by time:
    D:10: 3025 daAuts
     D:9: 2619 daAuts
     D:4: 2470 daAuts
     D:8: 1838 daAuts
     D:5: 1713 daAuts
   IceCv: 1428 daAuts
     D:3: 1326 daAuts
     D:6: 1254 daAuts
     D:1: 1222 daAuts
     D:2: 1174 daAuts
     D:7: 1099 daAuts
  Temple: 175 daAuts
    D:11: 25 daAuts
  Lair:1: 6 daAuts
